 Dungeon Crawl Stone Soup version 0.30.1-4-g462c640d31 (webtiles) character file.

Game seed: 10480099106835606513

2301 rvierbuc the Conjurer (level 8, -3/63 HPs)
             Began as a Demigod Conjurer on Aug 20, 2023.
             Slain by a vampire mosquito (12 damage)
             ... on level 7 of the Dungeon.
             The game lasted 00:25:27 (6606 turns).

rvierbuc the Conjurer (Demigod Conjurer)            Turns: 6606, Time: 00:25:28

Health: -3/63      AC:  2    Str:  8    XL:     8   Next: 97%
Magic:  7/19       EV: 19    Int: 28    God:
Gold:   283        SH:  0    Dex: 12    Spells: 14/17 levels left

rFire   . . .        y - +0 long sword
rCold   . . .        (no shield)
rNeg    . . .        a - +0 robe
rPois   .            A - +0 hat
rElec   .            (no cloak)
rCorr   .            (no gloves)
SInv    +            (no boots)
Will    .....        (no amulet)
Stlth   +++          h - +5 ring of evasion
HPRegen 0.30/turn    o - ring of see invisible
MPRegen 0.16/turn

%: no passive effects
@: no status effects
A: high MP 1, forlorn, divine attributes
a: no special abilities


You were on level 7 of the Dungeon.
You visited 1 branch of the dungeon, and saw 8 of its levels.
You also visited: Ossuary.

You collected 283 gold pieces.

Inventory:

Hand Weapons
 y - a +0 long sword (weapon)
 C - a +0 heavy flail
 F - a +0 flail of protection
Missiles
 l - 2 curare-tipped darts
 m - a throwing net
 E - 4 poisoned darts
Armour
 a - a +0 robe (worn)
 A - a +0 hat (worn)
Jewellery
 h - a +5 ring of evasion (left hand)
 n - a ring of ice
 o - a ring of see invisible (right hand)
Wands
 r - a wand of charming (18)
Scrolls
 c - a scroll of teleportation
 d - a scroll of butterflies
 e - a scroll of vulnerability {unknown}
 f - a scroll of fog {unknown}
 i - 2 scrolls of magic mapping
 j - a scroll of immolation {unknown}
 k - a scroll of fear {unknown}
 t - a scroll of enchant armour {unknown}
 v - 2 scrolls of brand weapon {unknown}
 x - 3 scrolls of identify
 B - a scroll of amnesia {unknown}
Potions
 b - 2 potions of degeneration
 p - 2 potions of brilliance {unknown}
 q - 2 potions of lignification {unknown}
 s - a potion of berserk rage {unknown}
 u - 4 potions of curing
 w - a potion of attraction {unknown}
 z - a potion of might {unknown}
 D - a potion of resistance {unknown}


   Skills:
 + Level 3.0 Fighting
 + Level 1.2 Long Blades
 + Level 6.1 Dodging
 + Level 4.3 Stealth
 + Level 5.4 Spellcasting
 + Level 6.7 Conjurations


You had 14 spell levels left.
You knew the following spells:

 Your Spells              Type           Power      Damage    Failure   Level
a - Magic Dart            Conj           100%       1d8       1%          1
b - Searing Ray           Conj           90%        2d7       1%          2

Your spell library contained the following spells:

 Spells                   Type           Power      Damage    Failure   Level
 Momentum Strike          Conj/Tloc      52%        3d9       2%          2
 Dazzling Flash           Conj/Hex       52%        N/A       4%          3
 Blink                    Tloc           14%        N/A       10%         2
 Lesser Beckoning         Tloc           14%        N/A       10%         2
 Fulminant Prism          Conj/Hex       13%        3d8       16%         4
 Iskenderun's Mystic Bla  Conj/Tloc      26%        2d7       16%         4
 Gell's Gravitas          Tloc           7%         N/A       19%         3
 Teleport Other           Tloc           7%         N/A       19%         3


Dungeon Overview and Level Annotations

Branches:
Dungeon (8/15)            Ossuary (visited)
 Temple: D:4-7         Lair: D:8-11

Shops:
D:3 =   D:4 =


Innate Abilities, Weirdness & Mutations

You have an increased reservoir of magic. (+10% MP)
You shall have no god before yourself.
Your divine heritage dramatically boosts your attributes as you level up.


Message History

* * * LOW HITPOINT WARNING * * *
The vampire mosquito draws strength from your injuries!
The kobold brigand hits you with a +3 rapier of protection.
* * * LOW HITPOINT WARNING * * *
You feel much better.
You feel sick.
The vampire mosquito closely misses you. x2
The kobold brigand hits you with a +3 rapier of protection.
Casting: Searing Ray (safe; 1% risk of failure)
Confirm with . or Enter, or press ? or * to list all spells.
Aiming: Searing Ray (safe; 1% risk of failure)
Press: ? - help, Shift-Dir - straight line, f/p - vampire mosquito
Aim: a vampire mosquito (moderately damaged, 70% to hit)
The searing ray hits the vampire mosquito.
The vampire mosquito is heavily damaged. (Press . to maintain the ray.)
You feel sick.
The vampire mosquito closely misses you.
The kobold brigand hits you with a +3 rapier of protection.
The vampire mosquito barely misses you.
The searing ray hits the vampire mosquito!
The vampire mosquito is almost destroyed.
You feel sick.
You are no longer poisoned.
The vampire mosquito bites you.
The vampire mosquito draws strength from your injuries!
The kobold brigand misses you. The vampire mosquito bites you.
* * * LOW HITPOINT WARNING * * *
The vampire mosquito draws strength from your injuries!
The searing ray hits the vampire mosquito.
The vampire mosquito is severely damaged.
The vampire mosquito closely misses you.
The kobold brigand hits you with a +3 rapier of protection!
* * * LOW HITPOINT WARNING * * *
The vampire mosquito barely misses you.
You feel better.
The vampire mosquito closely misses you.
The kobold brigand hits you with a +3 rapier of protection!
* * * LOW HITPOINT WARNING * * *
The vampire mosquito bites you!
You die...

#....#....##♣.♣##
#....######.♣.♣.#
#....# #♣.♣.♣#
#....# #(♣.♣.#
#(...# #♣.♣.♣#
.....# #.♣.♣.# ~
...(.# #♣.♣[♣#
.~≈ .....#
#♣♣.♣♣♣♣♣....#
....##
#....y@KC...#
....##
#♣♣.♣♣♣♣♣....#
.....# ♣.♣. .~≈
.....# #.♣ ♣ ~
..)..# #♣ ...>.#
.....# .....#
.....#


You could see a cyclops, a vampire mosquito and a kobold brigand.

Vanquished Creatures
  A deep elf pyromancer (D:7)
  A water moccasin (D:7)
  A black bear (D:5)
  An ogre (D:6)
  A sky beast (D:7)
  A centaur (D:5)
  A phantom (D:4)
  A bullfrog (D:7)
  2 elf zombies (Ossuary)
  2 scorpions
  A killer bee (D:7)
  A howler monkey (D:7)
  5 centaur zombies (Ossuary)
  5 hounds
  2 orc priests
  5 human zombies (Ossuary)
  Ijyb (D:4)
  2 iguanas (D:5)
  4 orc wizards
  3 mummies (Ossuary)
  3 gnolls
  12 adders
  A shadow imp (D:7)
  A white imp (D:5)
  An ufetubus (D:5)
  A dart slug (D:4)
  13 orcs
  6 ball pythons
  7 bats
  6 endoplasms
  5 giant cockroaches
  11 goblins
  6 hobgoblins
  12 jackals
  2 quokkas (D:1)
  2 frilled lizards (D:1)
  5 kobolds
  5 rats
140 creatures vanquished.

Vanquished Creatures (others)
  A water moccasin (D:7)
1 creature vanquished.

Grand Total: 141 creatures vanquished

Notes
Turn   | Place    | Note
-------+----------+-------------------------------------------
     0 | D:1      | rvierbuc the Demigod Conjurer began the quest for the Orb.
     0 | D:1      | Reached XP level 1. HP: 14/14 MP: 5/5
   338 | D:1      | Reached XP level 2. HP: 20/20 MP: 5/7
   629 | D:1      | Learned a level 2 spell: Searing Ray
   874 | D:1      | Reached XP level 3. HP: 26/26 MP: 0/8
  1578 | D:2      | Reached XP level 4. HP: 33/33 MP: 6/10
  2164 | D:3      | Found Hogea's Jewellery Shop.
  2598 | D:3      | Reached skill level 5 in Conjurations
  2598 | D:3      | Reached XP level 5. HP: 28/39 MP: 2/12
  3046 | D:3      | Identified the +6 dagger "Giutony" {venom, *Noise rCorr
                  | Str+2}
  3394 | D:4      | Found Fiage's Jewellery Shop.
  3447 | D:4      | Noticed Ijyb
  3469 | D:4      | Killed Ijyb
  3492 | D:4      | Found a sand-covered staircase.
  3496 | Ossuary  | Entered an ossuary
  3543 | Ossuary  | Reached XP level 6. HP: 30/46 MP: 7/14
  3786 | Ossuary  | Reached skill level 1 in Fighting
  3963 | Ossuary  | Reached XP level 7. HP: 40/52 MP: 2/16
  5267 | D:5      | Entered Level 5 of the Dungeon
  5515 | D:5      | Reached skill level 5 in Dodging
  5515 | D:5      | Reached XP level 8. HP: 61/61 MP: 10/18
  6094 | D:6      | You fall into a shaft and drop 2 floors!
  6319 | D:7      | Reached skill level 5 in Spellcasting
  6431 | D:7      | Noticed a deep elf pyromancer
  6436 | D:7      | Noticed a cyclops
  6440 | D:7      | Killed a deep elf pyromancer
  6441 | D:7      | Reached skill level 1 in Long Blades
  6601 | D:7      | Noticed a two-headed ogre
  6606 | D:7      | Slain by a vampire mosquito

Illustrated notes

Levels and vault maps discovered:
D:1:      noname_arrival_rooms_in_the_neighbourhood, layout_rooms, st_stairs_7
D:2:      layout_loops_ring, basic_altar
D:3:      layout_loops_corners, mainiacjoe_overflow_alcove_1, bloody_trog,
          serial_shops, nicolae_shop_tiny_waterfront, roderic_lattice_a
D:4:      layout_basic, mainiacjoe_overflow_boulevard, lemuel_round_altar,
          mainiacjoe_overflow_alcove_4, nicolae_ossuary_entry_plus,
          serial_shops, shop_fountains, serial_curves, eino_curves_03,
          eino_curves_01, eino_curves_04, uniq_ijyb
D:5:      layout_rooms, grunt_decor_junction
D:6:      layout_basic, lemuel_mausoleum_altar_kikubaaqudgha,
          mainiacjoe_overflow_alcove_3, minmay_temple_entry_statues_pillars,
          gammafunk_ghost_arena, sigmund_edmund_badplayer
D:7:      nzn_winding_woodlands_large [nzn_winding_woodlands_5x5_perimeter,
          nzn_winding_woodlands_5x15_default, nzn_winding_woodlands_5x5_cross,
          nzn_winding_woodlands_center_triple_pond,
          nzn_winding_woodlands_15x15_eel_pit,
          nzn_winding_woodlands_center_lodge,
          nzn_winding_woodlands_5x5_open_star,
          nzn_winding_woodlands_5x15_split_checker,
          nzn_winding_woodlands_5x5_closed_star], layout_basic,
          minmay_fractal_squares_5
D:8:      layout_loops_cross, lemuel_doored_altar, serial_bayou,
          serial_bayou_pond_a, serial_bayou_pond_a, serial_bayou_lake_a,
          serial_bayou_lagoon_a, gammafunk_ghost_gnarly_gnolls

Skill      XL: |  1  2  3  4  5  6  7  8 |
---------------+-------------------------+-----
Conjurations   | 4 5 6 |  6.7
Spellcasting   | 2 3 4 5 |  5.4
Dodging        | 2 3 5 6 |  6.1
Stealth        | 2 3 4 |  4.3
Fighting       | 1 2 3 |  3.0
Long Blades    | 1 |  1.2

Action                     |  1- 3 |  4- 6 |  7- 9 || total
---------------------------+-------+-------+-------++-------
  Melee: Unarmed           |    13 |    45 |    13 ||    71
         Punch             |       |     1 |     1 ||     2
         Long sword        |       |       |     5 ||     5
   Cast: Magic Dart        |    70 |    53 |    80 ||   203
         Searing Ray       |     8 |    20 |    24 ||    52
    Use: Potion            |       |     5 |     3 ||     8
         Scroll            |       |     2 |     3 ||     5
   Stab: Sleeping          |       |       |     1 ||     1
 Armour: Robe              |    14 |    12 |     3 ||    29
  Dodge: Dodged            |   105 |   137 |    75 ||   317
